cohdb
Replays
Latest Replays
All Replays
Popular Replays
Top Player Replays
Match Explorer
How It Works
Community
CoH3 Stats
Reddit
Sign in to upload your games and track your stats! →
Sign in with Steam
Match 41446886
Unlisted
Match 41446886
Overview
Messages
Build Orders
End
Engineer Squad
Construct Barracks
Riflemen Squad
Engineer Squad
Selects Airborne Battlegroup
Selects Smoke Bombing Run
Selects Heavy Machine Gun Paradrop
Construct Weapon Support Center
Heavy Machine Gun Paradrop
Grenade Package
Selects Paratrooper Squad Paradrop
Paratrooper Squad Paradrop
Smoke Bombing Run
Infantry Support Center
SandiPon
💀Punisher💀
narrzilla
PH0BB05
PhoneyMcRing
simiver
U·M·R
IWillArtyYou
0
0
Comments
sign in to comment!
No comments posted yet!